Map: Rorschach LE

Players

반포골드핑거

  • Race: Zerg Zerg
  • League: Master

SialicAcid - Winner!

  • Race: Terran Terran
  • League: Diamond

VOD

Have the link to the VOD?

Description

Time

  • Played on: Sept. 23, 2026, 5:26 p.m.
  • Length: 17:23
Show
View Real Time Build Order
Export as new Build Order

반포골드핑거 Zerg 

Build Orders: Hatch First 

Get SALT Encoding   

  12  0:00  Drone  
  13  0:12  Overlord  
  13  0:17  Drone  
  14  0:31  Drone x2  
  14  0:35  Drone  
  17  0:51  Hatchery  
  17  0:53  Drone  
  17  0:56  Drone  
  18  1:07  Extractor  
  18  1:10  Spawning Pool  
  16  1:13  Drone  
  17  1:19  Drone  
  18  1:28  Drone  
  19  1:41  Drone  
  21  1:54  Drone  
  21  2:02  Queen  
  21  2:03  Queen  
  21  2:04  Zergling x4  
  27  2:15  Metabolic Boost  
  27  2:19  Hatchery  
  26  2:24  Drone x2  
  27  2:31  Overlord  
  27  2:49  Overlord  
  27  2:51  Drone x4  
  31  2:55  Queen  
  33  3:03  Drone x2  
  35  3:11  Drone  
  36  3:13  Drone  
  36  3:15  Queen  
  39  3:20  Drone x4  
  43  3:32  Overlord x2  
  43  3:39  Drone  
  44  3:42  Zergling x4, Queen  
  48  3:49  Zergling x2  
  45  3:58  Drone x3  
  48  4:04  Drone x3  
  48  4:08  Drone x2  
  53  4:11  Drone  
  53  4:14  Drone x2  
  54  4:19  Drone  
  54  4:21  Lair  
  54  4:26  Drone x2  
  54  4:28  Overlord  
  55  4:34  Queen  
  55  4:36  Zergling x14  
  64  4:45  Drone x2  
  66  4:46  Overlord x3  
  66  4:59  Drone x3  
  69  5:05  Drone x6  
  75  5:07  Queen  
  75  5:08  Drone x2  
  75  5:09  Drone  
  75  5:13  Drone  
  81  5:15  Overlord x2  
  81  5:20  Extractor  
  81  5:21  Extractor  
  79  5:22  Extractor x2  
  79  5:27  Drone x5  
  82  5:32  Evolution Chamber  
  82  5:33  Baneling Nest  
  82  5:35  Extractor, Drone  
  80  5:36  Drone x3, Spire  
  80  5:37  Drone  
  80  5:39  Drone  
  80  5:40  Drone  
  85  5:47  Drone  
  85  5:48  Drone x2  
  88  6:01  Zergling x16  
  93  6:06  Hatchery  
  93  6:08  Drone x3  
  93  6:25  Drone x8  
  101  6:35  Evolution Chamber, Centrifugal Hooks  
  99  6:42  Overseer  
  99  6:45  Burrow  
  99  6:51  Spore Crawler, Zerg Ground Armor Level 1  
  98  6:55  Spore Crawler  
  97  7:02  Zergling x24  
  109  7:10  Overlord x3  
  109  7:21  Mutalisk  
  111  7:27  Overlord  
  111  7:28  Overlord x2  
  111  7:36  Mutalisk  
  111  7:37  Mutalisk x8  
  102  7:43  Mutalisk  
  102  7:44  Mutalisk  
  109  7:50  Zergling x2  
  109  7:51  Zergling x8  
  117  7:58  Hatchery  
  116  7:59  Hatchery  
  116  8:00  Zergling x10  
  118  8:11  Zergling x8  
  118  8:12  Zergling x2  
  110  8:17  Mutalisk  
  104  8:24  Mutalisk  
  104  8:25  Mutalisk x2  
  104  8:37  Mutalisk x5  
  100  8:42  Queen x2  
  100  8:43  Queen x2  
  100  8:44  Zergling x10  
  110  8:54  Zergling x4  
  112  8:57  Mutalisk x2  
  108  9:06  Zergling x8  
  103  9:12  Mutalisk  
  103  9:13  Mutalisk x2  
  109  9:19  Zerg Melee Weapons Level 1  
  109  9:21  Zergling x10  
  113  9:27  Mutalisk  
  113  9:28  Zergling x6  
  112  9:34  Zergling x8  
  115  9:38  Queen  
  115  9:39  Queen  
  109  9:48  Mutalisk x3  
  115  9:56  Zergling x18  
  124  10:11  Mutalisk  
  124  10:12  Mutalisk x2  
  124  10:13  Zergling x26  
  141  10:20  Zerg Flyer Weapons Level 1  
  137  10:24  Zergling x12  
  137  10:28  Mutalisk x2  
  139  10:39  Zergling x22  
  139  10:41  Zergling x2  
  132  10:43  Mutalisk  
  132  10:48  Extractor  
  132  10:49  Mutalisk  
  125  10:51  Zergling x6  
  125  10:54  Extractor  
  127  10:59  Baneling x9  
  127  11:01  Zergling x12  
  133  11:10  Zergling x12  
  139  11:15  Hatchery  
  139  11:16  Hatchery, Overseer  
  137  11:20  Zergling x8  
  137  11:22  Pneumatized Carapace  
  137  11:23  Overseer  
  141  11:32  Mutalisk  
  141  11:33  Mutalisk x2  
  141  11:35  Hatchery  
  146  11:45  Zergling x12  
  146  11:46  Zergling x6  
  154  11:57  Baneling  
  154  11:58  Baneling x10  
  148  12:07  Zergling x14  
  149  12:20  Zergling x2  
  149  12:21  Zergling x22  
  142  12:33  Mutalisk  
  142  12:34  Mutalisk x4  
  139  12:50  Mutalisk x5  
  141  12:52  Zergling x4  
  136  13:00  Mutalisk x2  
  140  13:06  Drone x4  
  140  13:07  Drone  
  140  13:10  Drone x2  
  147  13:14  Baneling x6  
  147  13:20  Drone x3  
  150  13:27  Infestation Pit  
  150  13:28  Zerg Flyer Armor Level 1  
  150  13:31  Drone x3  
  152  13:47  Baneling, Overseer x2  
  152  13:49  Zerg Ground Armor Level 2  
  152  13:53  Drone x5  
  152  13:54  Evolution Chamber, Overlord  
  156  14:00  Overlord  
  156  14:01  Overlord  
  156  14:08  Overseer  
  152  14:12  Baneling x3  
  152  14:13  Baneling x5  
  152  14:20  Drone x12  
  161  14:30  Zergling x18  
  166  14:43  Zergling x2  
  166  14:44  Zergling x22  
  133  14:53  Zergling x14  
  128  15:01  Zergling x14  
  128  15:02  Zergling x2  
  130  15:08  Zergling x10  
  130  15:09  Zergling x2  
  122  15:22  Zergling x12  
  122  15:23  Zergling x12  
  126  15:29  Zergling x10  
  115  15:39  Zergling x16  
  118  15:43  Baneling x6  
  118  15:45  Zergling x2  
  118  15:49  Zergling x10  
  116  15:53  Zergling x6  
  116  15:54  Zergling x2  
  110  16:00  Zergling x10  
  94  16:10  Zergling x12  
  88  16:15  Zergling x6  
  85  16:19  Zergling x4  
  85  16:30  Zergling x6  
  85  16:31  Zergling x6  
  79  16:40  Baneling x10  
  77  16:49  Zergling x8  
  69  17:03  Zergling x2  
  69  17:04  Zergling x8  
  71  17:11  Drone x2  
Show
View Real Time Build Order
Export as new Build Order

SialicAcid Terran - Winner!

Build Orders: Reaper Expand 

Get SALT Encoding   

  12  0:00  SCV  
  13  0:12  SCV  
  14  0:17  Supply Depot  
  14  0:24  SCV  
  15  0:39  SCV  
  15  0:41  Barracks  
  16  0:43  Refinery  
  16  0:51  SCV  
  17  1:03  SCV  
  18  1:15  SCV  
  19  1:26  Reaper  
  19  1:28  Orbital Command  
  20  1:39  Command Center  
  20  1:49  Supply Depot  
  20  1:54  SCV  
  21  2:00  Marine  
  22  2:05  Factory  
  22  2:09  SCV  
  22  2:14  Refinery  
  23  2:20  Barracks Reactor  
  24  2:30  SCV  
  24  2:42  SCV  
  25  2:54  SCV, Orbital Command  
  25  2:57  Starport  
  26  3:05  Barracks Tech Lab, Hellion x2  
  30  3:06  SCV  
  31  3:18  SCV  
  32  3:24  SCV  
  33  3:28  Hellion x2  
  33  3:31  SCV  
  33  3:32  Stimpack  
  38  3:37  Medivac  
  40  3:44  Supply Depot  
  38  3:58  SCV  
  38  3:59  SCV  
  38  4:01  Hellion x2  
  41  4:06  Supply Depot  
  41  4:07  Marine  
  42  4:10  SCV  
  39  4:25  Hellion x2, SCV x2  
  39  4:29  Supply Depot  
  45  4:35  Supply Depot  
  45  4:37  SCV x2  
  47  4:42  Barracks  
  47  4:43  Barracks  
  47  4:51  Barracks  
  47  4:54  Starport Reactor  
  47  5:00  SCV x2  
  47  5:02  Refinery  
  47  5:04  Engineering Bay  
  47  5:06  Engineering Bay  
  49  5:11  Marine  
  49  5:12  Combat Shield, SCV x2  
  52  5:18  Factory Tech Lab  
  52  5:24  SCV x2  
  54  5:29  Marine  
  54  5:32  Supply Depot  
  56  5:36  SCV x2  
  56  5:39  Marine x2  
  59  5:43  Terran Infantry Weapons Level 1  
  59  5:44  Starport Reactor  
  59  5:45  Terran Infantry Armor Level 1  
  59  5:49  Barracks x2, Command Center  
  59  5:50  Siege Tank  
  59  5:52  Marine  
  59  5:54  SCV x2  
  59  5:57  Marine, Supply Depot  
  66  6:10  SCV x2  
  66  6:19  Marine  
  66  6:20  Marine x4  
  66  6:21  Medivac x2  
  66  6:22  SCV x2  
  69  6:26  Supply Depot  
  69  6:30  Supply Depot  
  69  6:34  SCV  
  69  6:37  Marine x2, Barracks Reactor x2  
  69  6:38  Siege Tank  
  75  6:45  Marine  
  76  6:47  Refinery  
  76  6:50  Marine x2  
  76  6:51  Medivac x2  
  82  6:58  Marine  
  83  7:08  Marine x2  
  84  7:10  Siege Tank  
  84  7:11  Marine x2  
  84  7:12  Orbital Command  
  90  7:16  Marine  
  90  7:19  Marine x4  
  90  7:20  SCV  
  96  7:23  Medivac x2  
  96  7:28  Missile Turret  
  100  7:30  Missile Turret  
  84  7:46  Marine x3  
  84  7:47  Marine x6  
  90  8:04  Marine x6  
  90  8:18  Marine x3  
  86  8:22  Marine  
  77  8:35  Marine  
  77  8:36  Marine x7  
  77  8:37  Siege Tank  
  77  8:39  Medivac  
  77  8:40  Medivac, Marine  
  90  8:44  SCV x2  
  92  8:51  Orbital Command  
  92  8:53  Marine x6  
  98  8:56  SCV x2  
  97  9:09  Medivac  
  91  9:12  Medivac, Marine x6  
  91  9:13  Marine x3  
  100  9:17  Widow Mine  
  96  9:30  Marine x5  
  88  9:37  Marine x4  
  90  9:39  Medivac  
  90  9:42  Medivac  
  94  9:45  SCV x2  
  94  9:47  SCV  
  94  9:48  Marine x5  
  94  9:51  Widow Mine  
  103  9:55  Marine x4  
  103  9:57  SCV  
  108  10:01  Armory  
  108  10:06  Marine  
  109  10:08  Missile Turret x2  
  109  10:09  Marine  
  109  10:10  Marine x2  
  110  10:16  Marine  
  109  10:21  Marine x4, Widow Mine  
  109  10:23  Marine  
  109  10:25  Medivac  
  109  10:27  Marine x2  
  109  10:28  Marine  
  121  10:29  Missile Turret  
  121  10:34  Marine  
  115  10:39  Marine x4  
  115  10:41  Marine  
  106  10:45  Marine x2  
  106  10:47  Marine  
  97  10:52  SCV x3, Marine  
  97  10:53  Medivac  
  97  10:54  Widow Mine  
  97  10:57  Marine x4  
  101  10:59  Marine, Barracks  
  101  11:00  Barracks  
  101  11:01  Missile Turret  
  101  11:02  Refinery x2, Missile Turret  
  101  11:03  Marine  
  101  11:04  Marine  
  108  11:05  Command Center, Marine  
  108  11:09  Barracks  
  109  11:15  Widow Mine  
  109  11:17  Terran Infantry Weapons Level 2, Terran Infantry Armor Level 2  
  111  11:28  Marine x9  
  120  11:37  Widow Mine  
  122  11:42  Factory  
  122  11:45  Missile Turret  
  122  11:46  Marine x2, SCV  
  125  12:06  Marine x2  
  125  12:07  Marine  
  125  12:08  Marine  
  125  12:16  Marine x4, SCV x3, Widow Mine, Marauder  
  116  12:24  Marine x2  
  116  12:26  Marine, Barracks Tech Lab  
  116  12:27  Barracks Tech Lab, Starport Reactor  
  114  12:31  Factory Reactor  
  114  12:34  Marine x4  
  116  12:38  Widow Mine, Marine  
  116  12:42  Marine  
  116  12:43  Marine  
  86  12:51  Marine x2  
  86  12:53  Marine  
  86  12:54  Marine x3  
  86  12:56  Marine, SCV  
  93  12:59  Marine, Barracks Reactor  
  93  13:00  Thor  
  93  13:01  Marine  
  93  13:04  Barracks, Medivac x2  
  104  13:09  Marine x2  
  104  13:11  Marine  
  104  13:12  Marauder x2  
  111  13:18  Marine x3  
  111  13:19  Marine  
  115  13:21  Missile Turret  
  115  13:23  Missile Turret  
  115  13:24  Missile Turret, Refinery  
  115  13:27  Marine, Missile Turret  
  115  13:28  Missile Turret, Refinery  
  115  13:31  Widow Mine  
  115  13:32  Marine, Widow Mine  
  120  13:40  Missile Turret, Planetary Fortress  
  117  13:47  Marine x2  
  119  13:49  Barracks Reactor, Marine x2  
  119  13:51  Widow Mine  
  119  13:53  Barracks Tech Lab  
  123  14:01  Marine x5  
  128  14:03  Widow Mine x2  
  132  14:13  Marine x2  
  132  14:16  Sensor Tower  
  134  14:19  Marine x3  
  134  14:23  Marine  
  134  14:24  Marine  
  122  14:50  Marine x7  
  122  14:51  Marine  
  116  14:54  Marine x3  
  107  15:07  Marine  
  107  15:11  Medivac x2  
  103  15:18  Marine x8  
  103  15:19  SCV  
  109  15:30  Marine x6  
  109  15:32  Widow Mine x2  
  109  15:33  SCV  
  109  15:51  Widow Mine  
  109  15:52  Marine x8  
  109  15:53  Marine  
  120  16:07  Marine x5  
  120  16:10  Marine  
  118  16:11  Medivac x2  
  118  16:12  Thor  
  113  16:28  Marine x10  
  113  16:29  Marauder x3  
  123  16:39  Marauder  
  125  16:46  Marine x4  
  129  16:49  Marine x6  
  129  16:50  Marine x2  
  129  16:51  Marauder  
  129  16:53  Orbital Command  
  139  17:01  Marauder  
  135  17:04  Marine x4  
Tags
 
Add a new tag
Caveats
  • Supply blocks, unpowered buildings, or Contaminate may cause inaccurate times.
  • Supply counts are checked every 10 seconds.